 Dungeon Crawl Stone Soup version 0.25.1-2-g60ff931df9 (webtiles) character file.

Game seed: 11688725404030358772

103 Cazemata the Chopper (level 4, -2/40 HPs)
             Began as a Draconian Berserker on Oct 7, 2020.
             Was a Believer of Trog.
             Slain by an orc wizard
             ... wielding a +0 dagger
              (6 damage)
             ... on level 3 of the Dungeon.
             The game lasted 00:20:06 (1471 turns).

Cazemata the Chopper (Draconian Berserker)          Turns: 1471, Time: 00:20:06

Health: -2/40      AC: 12    Str: 21    XL:     4   Next: 51%
Magic:  13/13      EV: 13    Int:  7    God:    Trog [**....]
Gold:   70         SH:  0    Dex: 10    Spells: 3/3 levels left

rFire    . . .     SeeInvis .   o - +0 rapier (protect)
rCold    . . .     Gourm    .   (no shield)
rNeg     . . .     Faith    .   (armour unavailable)
rPois    .         Spirit   .   (helmet restricted)
rElec    .         Reflect  .   (no cloak)
rCorr    .         Harm     .   (no gloves)
MR       .....                  j - +2 pair of boots
Stlth    +.........             (no amulet)
HPRegen  0.13/turn              c - ring of magical power
MPRegen  0.13/turn              d - +4 ring of protection

@: confused, berserk cooldown, slowed, very slow
A: unfitting armour, cold-blooded, AC +5
a: Berserk, Trog's Hand, Renounce Religion


You were on level 3 of the Dungeon.
You worshipped Trog.
Trog was pleased with you.
You were not hungry.

You visited 1 branch of the dungeon, and saw 3 of its levels.

You collected 70 gold pieces.

Inventory:

Hand Weapons
 a - a +1 hand axe
 h - a +0 short sword
 o - a +0 rapier of protection (weapon)
Armour
 e - a +0 ring mail
 i - a +0 robe
 j - a +2 pair of boots (worn)
 m - a +0 ring mail
Jewellery
 c - a ring of magical power (left hand)
 d - a +4 ring of protection (right hand)
Potions
 f - a potion of resistance
 g - a potion of haste
 k - a potion of might {unknown}
Comestibles
 b - 4 rations
 l - 3 chunks of flesh


   Skills:
 + Level 4.0 Fighting
 + Level 0.1 Short Blades
 + Level 4.1 Axes
 + Level 3.4 Dodging
 + Level 0.3 Stealth


You had 3 spell levels left.
You didn't know any spells.
Your spell library was empty.

Dungeon Overview and Level Annotations

Branches:
Dungeon (3/15)

Altars:
Makhleb
Vehumet


Innate Abilities, Weirdness & Mutations

Your plain brown scales are hard. (AC +5)
You cannot fit into any form of body armour.
You are cold-blooded and may be slowed by cold attacks.


Message History

Your weapon exudes an aura of protection.
You kill the ball python!
Trog accepts your kill.
An orc wizard comes into view. It is wielding a +0 dagger.
The orc wizard casts a spell at you. The puff of flame misses you.
The orc wizard points at you and mumbles some strange words.
The puff of flame hits you!
* * * LOW HITPOINT WARNING * * *
Items here: ! ( )) †† The orc wizard casts a spell at you.
You are confused.
Items here: ! ( )) †† You bump into the rock wall.
The orc wizard casts a spell at you. The puff of flame hits you.
* * * LOW HITPOINT WARNING * * *
You bump into the rock wall.
The orc wizard hits you with a +0 dagger.
You die...

####### ....... .......
....... ###### .......
#....# ..^.... #....#
.......##########....##.#
.......))o@))....<......#
.......##########.####..#
###..g. #####..###..#
#.... #...........# #...o
#.####..#...### #..g.
##........ #S..[
#.#.##### #....
##(#####.#.#....
+...............


You could see an orc wizard.

Vanquished Creatures
  2 adders (D:2)
  3 gnolls (D:3)
  3 leopard geckos
  An orc (D:3)
  3 bats
  6 goblins
  3 hobgoblins
  9 jackals
  A quokka (D:2)
  A ball python (D:3)
  2 frilled lizards (D:2)
  10 kobolds
  5 rats
49 creatures vanquished.

Notes
Turn   | Place    | Note
-------+----------+-------------------------------------------
     0 | D:1      | Cazemata the Draconian Berserker began the quest for the
                  | Orb.
     0 | D:1      | Reached XP level 1. HP: 19/19 MP: 1/1
   293 | D:1      | Reached XP level 2. HP: 14/26 MP: 2/2
   895 | D:2      | Reached XP level 3. HP: 28/33 MP: 3/3
   921 | D:2      | Reached ** piety under Trog
  1146 | D:2      | Found a radiant altar of Vehumet.
  1158 | D:2      | Found a burning altar of Makhleb.
  1392 | D:3      | Reached XP level 4. HP: 38/40 MP: 4/4
  1471 | D:3      | Slain by an orc wizard

Illustrated notes

Levels and vault maps discovered:
D:1:      minmay_arrival_three_doors, layout_basic
D:2:      layout_basic, grunt_temple_overflow_open, feat_on_display
D:3:      layout_basic, gammafunk_temple_overflow_elements, first_ration,
          uniq_terence

Skill      XL: |  1  2  3  4 |
---------------+-------------+-----
Dodging        | 3 |  3.4
Fighting       | 4 |  4.0
Axes           | 4 |  4.1
Short Blades   | |  0.1
Stealth        | |  0.3

Action                   |  1- 3 |  4- 6 || total
-------------------------+-------+-------++-------
Melee: Hand axe          |   116 |       ||   116
       Tailslap          |    17 |     5 ||    22
       Rapier            |       |    26 ||    26
Invok: Berserk           |       |     1 ||     1
  Use: Scroll            |     6 |     1 ||     7
 Stab: Sleeping          |     1 |       ||     1
  Eat: Ration            |     1 |       ||     1
Armor: Skin              |    42 |     8 ||    50
Dodge: Dodged            |    71 |    29 ||   100
